 Dungeon Crawl Stone Soup version 0.30-a0-1163-gf69bf04e7a (webtiles) character file.

Game seed: 2291117373576660174

20083 Armakuni the Fighter (level 12, -19/111 HPs)
             Began as a Vine Stalker Artificer on Apr 28, 2023.
             Was an Initiate of Gozag.
             Demolished by a reaper
             ... wielding a +2 scythe of freezing
              (37 damage)
             ... in an ice cave.
             The game lasted 00:26:43 (10383 turns).

Armakuni the Fighter (Vine Stalker Artificer)      Turns: 10383, Time: 00:26:44

Health: -19/111    AC: 11    Str: 17    XL:     12   Next: 75%
Magic:  0/13       EV: 18    Int: 18    God:    Gozag
Gold:   1956       SH:  0    Dex: 14    Spells: 8/11 levels left

rFire   . . .        a - +9 quarterstaff (vamp)
rCold   + . .        (shield currently unavailable)
rNeg    . . .        r - +2 leather armour of Light {Will+}
rPois   .            D - +2 helmet {Int+3}
rElec   .            w - +1 cloak
rCorr   .            y - +0 pair of gloves
SInv    .            (no boots)
Will    ++...        o - amulet of the acrobat Stlth
                     E - +5 ring of evasion
HPRegen 1.18/turn    J - ring of protection from cold
MPRegen 0.13/turn

%: acrobat, guardian spirit
@: berserking, gold aura, very quick
A: fangs 3, regeneration 1, magic shield, antimagic bite, no potion heal 2
a: Renounce Religion, Potion Petition, Call Merchant, Bribe Branch


You were in an ice cave.
You worshipped Gozag.
Gozag was most pleased with you.
You visited 4 branches of the dungeon, and saw 14 of its levels.
You also visited: Ice Cave.

You collected 2142 gold pieces.
You paid 186 gold pieces to Gozag.

Inventory:

Hand Weapons
 a - a +9 vampiric quarterstaff (weapon)
Armour
 b - a +0 buckler of cold resistance
 r - the +2 leather armour of Light (worn) {Will+}
   (You found it on level 6 of the Dungeon)

   Will:      It increases your willpower.
 w - a +1 cloak (worn)
 y - a +0 pair of gloves (worn)
 D - a +2 helmet of intelligence (worn)
Jewellery
 o - an amulet of the acrobat (around neck)
 A - a +4 ring of protection
 E - a +5 ring of evasion (left hand)
 F - a ring of fire
 I - a ring of see invisible
 J - a ring of protection from cold (right hand)
Wands
 c - a wand of charming (14)
 j - a wand of iceblast (14)
 v - a wand of flame (20) (quivered)
 H - a wand of paralysis (6)
Scrolls
 e - 5 scrolls of amnesia
 g - a scroll of poison
 i - a scroll of immolation
 p - 3 scrolls of fear
 u - 2 scrolls of fog
 B - 4 scrolls of teleportation
 G - a scroll of silence
Potions
 d - 2 potions of brilliance
 h - a potion of flight
 k - 6 potions of curing
 m - 3 potions of heal wounds
 s - 3 potions of mutation
 t - 2 potions of might
 x - a potion of berserk rage
 z - a potion of resistance
Miscellaneous
 C - a condenser vane


   Skills:
 - Level 14.0 Fighting
 - Level 2.0(9.2) Maces & Flails
 - Level 13.9(14.0) Staves
 - Level 1.5 Armour
 + Level 4.9 Dodging
 - Level 1.2 Stealth
 - Level 5.0 Evocations


You had 8 spell levels left.
You knew the following spells:

 Your Spells              Type           Power      Damage    Failure   Level
c - Vhi's Electric Charg  Tloc/Air       0%         N/A       61%         3

Your spell library contained the following spells:

 Spells                   Type           Power      Damage    Failure   Level
 Freeze                   Ice            0%         1d3       26%         1
 Shock                    Conj/Air       0%         1d3       26%         1
 Cigotuvi's Dreadful Rot  Necr/Pois/Air  0%         N/A       36%         2
 Ensorcelled Hibernation  Hex/Ice        0%         N/A       36%         2
 Frozen Ramparts          Ice            0%         1d1       61%         3
 Hailstorm                Conj/Ice       0%         3d3       61%         3
 Ignite Poison            Fire/Tmut/Pois 0%         N/A       61%         3
 Spider Form              Tmut/Pois      0%         N/A       61%         3
 Swiftness                Air            0%         N/A       61%         3
 Airstrike                Air            0%         2d(0-16)  95%         4
 Anguish                  Hex/Necr       0%         N/A       95%         4
 Arcjolt                  Conj/Air       0%         1d10      100%        5
 Borgnjor's Vile Clutch   Necr/Erth      0%         N/A       100%        5
 Freezing Cloud           Conj/Ice/Air   0%         6-21      100%        5
 Death Channel            Necr           0%         N/A       100%        6
 Maxwell's Capacitive Co  Air            0%         ∞         100%        8
 Animate Dead             Necr           Unusable   N/A       N/A         4

Dungeon Overview and Level Annotations

Branches:
Dungeon (11/15)            Temple (1/1) D:5            Lair (1/5) D:11
    Orc (1/2) D:11          IceCv (1/1)

Altars:
Ashenzari
Cheibriados
Dithmenos
Elyvilon
Fedhas
Gozag
Hepliaklqana
Kikubaaqudgha
Makhleb
Nemelex Xobeh
Okawaru
Qazlal
Ru
Sif Muna
Trog
Uskayaw
Vehumet
Wu Jian
Xom
Yredelemnul
Zin
The Shining One

Shops:
D:7 (


Innate Abilities, Weirdness & Mutations

You have razor-sharp teeth.
Your natural rate of healing is unusually fast.
When hurt, damage is shared between your health and your magic reserves.
Your bite disrupts and absorbs the magic of your enemies.
Potions cannot restore your health.


Message History

You thump the white imp!
You kill the white imp!
No target in view!
A reaper comes into view.
It is wielding a +2 scythe of freezing and wearing a +2 robe of cold resistance.
Found a scroll of identify.
You see here 6 gold pieces.
A red film seems to cover your vision as you go berserk!
You feel yourself moving faster!
You feel mighty!
You bludgeon the naga simulacrum!!
The naga simulacrum vaporises!
You see here 6 gold pieces.
You thump the ice devil! You bite the ice devil! You drain its power.
The ice devil is severely wounded.
The ice devil misses you.
The reaper hits you from afar with a +2 scythe of freezing!!!
The reaper freezes you.
You hit the ice devil but do no damage.
You bite the ice devil, but do no damage.
The ice devil is severely wounded.
You sock the ice devil!
The ice devil is almost dead.
You hit the ice devil but do no damage. Your bite misses the ice devil.
The ice devil is almost dead.
The ice devil completely misses you.
The reaper hits you from afar with a +2 scythe of freezing!!
The reaper freezes you!
You bludgeon the ice devil!!
You kill the ice devil!
The reaper hits you with a +2 scythe of freezing!!
* * * LOW HITPOINT WARNING * * *
The reaper freezes you.
* * * LOW HITPOINT WARNING * * *
You see here 7 gold pieces.
You bludgeon the reaper!! Your bite misses the reaper.
The reaper is moderately wounded.
You sock the reaper!
The reaper is heavily wounded.
The reaper hits you with a +2 scythe of freezing!!!
You die...
Your body crumbles into a pile of gold.

###.........
###§§.......## ##
##.§○☼..####..##
#§
##.§○§☼§.#.......
.§§4
##...°§§.##......
§.
#....☼☼§##......
##..§..§§Z...#
##....$###..#
###..#@....#
####2....#
###......#
###.....# ##.###
... ?## #


You could see a reaper.

Vanquished Creatures
  An ice dragon (Orc:1)
  Erica (D:9)
  2 two-headed ogres
  An obsidian statue (D:9)
  The ghost of kae the Transmogrifier, a novice MfTm of Ru (D:7)
  A cyclops (D:11)
  3 manticores
  2 ice statues (IceCv)
  A rime drake (Orc:1)
  An unseen horror (D:10)
  6 ice devils (IceCv)
  A komodo dragon (D:11)
  An anaconda simulacrum (IceCv)
  4 trolls
  Prince Ribbit (D:9)
  6 polar bears (D:10)
  Grinder (D:6)
  A shadow (D:9)
  A dire elephant simulacrum (IceCv)
  2 wyverns (D:10)
  10 yaks
  2 hogs (D:10)
  2 steam dragons (D:8)
  2 water moccasins
  2 wargs (D:11)
  2 acid dragons
  2 sky beasts
  10 orc warriors
  8 ogres
  A wolf (D:10)
  8 black bears
  6 centaurs
  A kobold brigand (D:9)
  A gnoll sergeant (D:9)
  4 scorpions
  A two-headed ogre simulacrum (IceCv)
  3 bullfrogs
  4 wights (D:6)
  An electric eel (D:9)
  2 howler monkeys
  A lava snake (D:10)
  A gnoll bouda (D:6)
  11 hounds
  3 jellies
  Crazy Yiuf (D:2)
  9 orc priests
  12 orc wizards
  2 sleepcaps
  2 troll simulacra (IceCv)
  Terence (D:3)
  2 polar bear simulacra (IceCv)
  3 spriggan simulacra (IceCv)
  3 wolf simulacra (IceCv)
  8 gnolls
  9 adders
  3 naga simulacra (IceCv)
  4 white imps
  3 ufetubi
  3 worms
  3 dart slugs
  48 orcs
  6 bats
  9 endoplasms
  4 giant cockroaches
  7 goblins
  5 hobgoblins
  16 kobolds
  4 quokkas
  4 ball pythons
  3 frilled lizards
  4 rats
304 creatures vanquished.

Vanquished Creatures (collateral kills)
  An obsidian statue (D:11)
1 creature vanquished.

Vanquished Creatures (others)
  A polar bear (Orc:1)
  A wraith (D:9)
  An orc warrior (D:9)
3 creatures vanquished.

Grand Total: 308 creatures vanquished

Notes
Turn   | Place    | Note
-------+----------+-------------------------------------------
     0 | D:1      | Armakuni the Vine Stalker Artificer began the quest for the
                  | Orb.
     0 | D:1      | Reached XP level 1. HP: 9/9 MP: 2/2
    21 | D:1      | Reached skill level 1 in Fighting
   116 | D:1      | Found a faded altar of an unknown god.
   366 | D:1      | Reached XP level 2. HP: 14/14 MP: 3/3
   516 | D:1      | Reached skill level 1 in Maces & Flails
   941 | D:2      | Reached XP level 3. HP: 18/18 MP: 4/4
   974 | D:2      | Reached skill level 2 in Fighting
  1053 | D:2      | Identified the +3 sling of the Harvest {flame, rPois}
  1367 | D:2      | Gained mutation: Your natural rate of healing is unusually
                  | fast. [Vine Stalker growth]
  1367 | D:2      | Reached XP level 4. HP: 23/23 MP: 5/5
  1410 | D:2      | Found a runed translucent door.
  1411 | D:2      | Noticed Crazy Yiuf
  1544 | D:2      | Killed Crazy Yiuf
  1545 | D:2      | Reached skill level 3 in Fighting
  1619 | D:3      | Noticed Terence
  1630 | D:3      | Killed Terence
  1632 | D:3      | Found a shimmering blue altar of Sif Muna.
  1644 | D:3      | Learned a level 3 spell: Vhi's Electric Charge
  1674 | D:3      | Reached XP level 5. HP: 28/28 MP: 6/6
  1828 | D:3      | Reached skill level 4 in Fighting
  2560 | D:4      | Reached XP level 6. HP: 35/35 MP: 7/7
  2565 | D:4      | Found a stormy altar of Qazlal.
  2710 | D:4      | Reached skill level 5 in Fighting
  2960 | D:4      | Noticed a black bear
  2967 | D:4      | Killed a black bear
  3045 | D:4      | Reached skill level 6 in Fighting
  3045 | D:4      | Reached XP level 7. HP: 40/40 MP: 8/8
  3551 | D:5      | Entered Level 5 of the Dungeon
  3603 | D:5      | Found a staircase to the Ecumenical Temple.
  3676 | Temple   | Entered the Ecumenical Temple
  3934 | Temple   | Upgraded the game from 0.30-a0-1161-g0704695555 to
                  | 0.30-a0-1163-gf69bf04e7a
  4155 | D:5      | Identified the +6 flail of Objectivity {heavy, rC+ MP+9
                  | Int+3}
  4246 | D:5      | Reached skill level 1 in Staves
  4339 | D:5      | Found a sacrificial altar of Ru.
  4653 | D:6      | Noticed Grinder
  4653 | D:6      | Paralysed by Grinder for 3 turns
  4658 | D:6      | Paralysed by Grinder for 2 turns
  4671 | D:6      | Killed Grinder
  4672 | D:6      | Gained mutation: You have razor-sharp teeth. [Vine Stalker
                  | growth]
  4672 | D:6      | Reached XP level 8. HP: 42/44 MP: 9/9
  4715 | D:6      | Reached skill level 5 in Evocations
  4854 | D:6      | Reached skill level 5 in Staves
  4915 | D:6      | Reached XP level 9. HP: 48/48 MP: 10/10
  4938 | D:6      | You fall into a shaft and drop 1 floor!
  4978 | D:6      | Identified the +2 leather armour of Light {Will+}
  5333 | D:6      | Noticed a troll
  5341 | D:6      | Killed a troll
  5698 | D:7      | Found a large runed translucent door.
  5699 | D:7      | Found a large runed translucent door.
  5788 | D:7      | Found a blossoming altar of Fedhas.
  6031 | D:7      | Found a broken altar of Ashenzari.
  6039 | D:7      | Found a glowing golden altar of the Shining One.
  6123 | D:7      | Found Roqod's Antique Weapon Boutique.
  6219 | D:7      | Noticed kae's ghost (novice MfTm)
  6238 | D:7      | Killed kae's ghost
  6239 | D:7      | Reached skill level 8 in Fighting
  6453 | D:8      | Reached XP level 10. HP: 55/57 MP: 9/11
  6606 | D:8      | Reached skill level 9 in Fighting
  6704 | D:8      | Noticed a two-headed ogre
  6718 | D:8      | Killed a two-headed ogre
  6719 | D:8      | Reached skill level 10 in Fighting
  6789 | D:8      | Found a glowing silver altar of Zin.
  6862 | D:8      | Reached skill level 11 in Fighting
  7586 | D:9      | Noticed an obsidian statue
  7616 | D:9      | Killed an obsidian statue
  7617 | D:9      | Reached skill level 12 in Fighting
  7911 | D:9      | Noticed Prince Ribbit
  7925 | D:9      | Reached skill level 13 in Fighting
  7931 | D:9      | HP: 2/64 [centaur/arrow (4)]
  8031 | D:9      | Killed Prince Ribbit
  8039 | D:9      | Noticed Erica
  8049 | D:9      | Killed Erica
  8050 | D:9      | Reached skill level 14 in Fighting
  8050 | D:9      | Reached XP level 11. HP: 56/70 MP: 8/12
  8138 | D:10     | Entered Level 10 of the Dungeon
  8142 | D:10     | Found an opulent altar of Gozag.
  8150 | D:10     | Became a worshipper of Gozag Ym Sagoz the Greedy
  8201 | D:10     | Noticed a manticore
  8205 | D:10     | Found a huge runed translucent gate.
  8205 | D:10     | Found a huge runed translucent gate.
  8205 | D:10     | Found a huge runed translucent gate.
  8205 | D:10     | Found a huge runed translucent gate.
  8211 | D:10     | Noticed a manticore
  8219 | D:10     | Killed a manticore
  8316 | D:10     | Found an iron altar of Okawaru.
  8425 | D:10     | Reached skill level 10 in Staves
  8452 | D:10     | Noticed a two-headed ogre
  8462 | D:10     | Killed a two-headed ogre
  8831 | D:10     | Killed a manticore
  8947 | D:11     | Noticed a cyclops
  8955 | D:11     | Killed a cyclops
  8990 | D:11     | Noticed a manticore
  9003 | D:11     | Killed a manticore
  9063 | D:11     | Noticed an obsidian statue
  9098 | D:11     | Killed an obsidian statue
  9099 | D:11     | Reached XP level 12. HP: 74/74 MP: 13/13
  9205 | D:11     | Found a staircase to the Lair.
  9272 | Lair:1   | Entered Level 1 of the Lair of Beasts
  9473 | D:11     | Found a staircase to the Orcish Mines.
  9485 | Orc:1    | Entered Level 1 of the Orcish Mines
  9882 | Orc:1    | Found a frozen archway.
  9883 | Orc:1    | Noticed an ice dragon
  9938 | Orc:1    | Killed an ice dragon
  9951 | IceCv    | Entered an ice cave
 10368 | IceCv    | Noticed a reaper
 10383 | IceCv    | Demolished by a reaper

Illustrated notes

Levels and vault maps discovered:
D:1:      elethiomel_arrival_shortcut, layout_basic,
          shapermc_ecumenical_altar_venn, nrook_uturn, dk_noncrumbling_3,
          nicolae_wormholes
D:2:      layout_rooms, uniq_crazy_yiuf_cottage
D:3:      layout_loops_corners, nicolae_sif_muna_condensation,
          cheibrodos_gnoll_hut, uniq_terence
D:4:      layout_layer_cave, nicolae_qazlal_scattered_showers
D:5:      layout_basic, nicolae_ru_great_annihilating_truth,
          minmay_temple_entry_tees
D:6:      minmay_recursive_quarters, layout_loops_ring, uniq_grinder
D:7:      layout_gridville, fedhas_altar_4, mainiacjoe_overflow_large_starburst,
          serial_shops, nicolae_lakefront_shop, ebering_ghost_disaster_area,
          minmay_manual_maat
D:8:      layout_basic, marbit_many_paths
D:9:      minmay_statue_hallways, layout_loops_cross, st_stairs_1,
          kennysheep_cross_room, uniq_erica, uniq_prince_ribbit1
D:10:     lemuel_bear_cage, layout_cave_pools, okawaru_ov_weapons_minmay,
          grunt_gozag_statues, kennysheep_dice
D:11:     layout_long_grid, erik_lair_orcish_takeover, david_orc_4, minivault_16
Temple:   oiseaux_autumnal_temple
Lair:1:   layout_cave_pods, grunt_forest_stairs_basic, serial_bayou_shore_b
Orc:1:    layout_caves, portal_ice_cave_entry_animals_and_master,
          nicolae_orc_rockfall
IceCv:    ice_cave_small_demon

Skill      XL: |  1  2  3  4  5  6  7  8  9 10 11 12 |
---------------+-------------------------------------+-----
Fighting       | 1 2 3 4 6 8 14 | 14.0
Maces & Flails | 1 2 |  2.0
Evocations     | 4 5 |  5.0
Staves         | 2 6 8 9 12 13 | 13.9
Dodging        | 4 |  4.9
Armour         | |  1.5
Stealth        | |  1.2

Action                     |  1- 3 |  4- 6 |  7- 9 | 10-12 || total
---------------------------+-------+-------+-------+-------++-------
  Melee: Club              |    14 |       |       |       ||    14
         Mace              |    28 |       |       |       ||    28
         Bite              |    28 |    31 |    44 |   225 ||   328
         Punch             |     3 |     1 |     1 |       ||     5
         Whip              |    67 |   123 |    27 |       ||   217
         Quarterstaff      |       |       |   170 |   600 ||   770
  Evoke: Wand              |       |     6 |    10 |     1 ||    17
    Use: Scroll            |     3 |     6 |    11 |     9 ||    29
         Potion            |       |       |     1 |     3 ||     4
   Stab: Sleeping          |     3 |       |     2 |     1 ||     6
         Paralysed         |       |       |     2 |       ||     2
         Distracted        |       |       |       |     3 ||     3
 Armour: Leather armour    |    21 |    19 |    28 |   194 ||   262
         Scale mail        |       |       |    37 |       ||    37
  Dodge: Dodged            |   110 |   100 |   192 |   474 ||   876

Table legend: (Time is in decaauts)
 A = Elapsed time spent in this place.
 B = Non-inter-level travel time spent in this place.
 C = Inter-level travel time spent in this place.
 D = Time resting spent in this place.
 E = Time spent auto-exploring this place.
 F = Levels seen in this place.
 G = Mean time per level.
                   A        B        C        D        E       F      G
               +--------+--------+--------+--------+--------+-----+--------+
         Total |  10234 |   9781 |    453 |    372 |   6917 |  15 |  682.3 |
       Dungeon |   9074 |   8670 |    404 |    268 |   6277 |  11 |  824.9 |
        Temple |    302 |    267 |     35 |      0 |    251 |   1 |  302.0 |
          Lair |     47 |     33 |     14 |      0 |      6 |   1 |   47.0 |
  Orcish Mines |    418 |    418 |      0 |      0 |    283 |   1 |  418.0 |
      Ice Cave |    392 |    392 |      0 |    104 |    100 |   1 |  392.0 |
               +--------+--------+--------+--------+--------+-----+--------+

Top non-repeatable levels by time:
     D:4: 1078 daAuts
     D:8: 942 daAuts
     D:1: 921 daAuts
     D:9: 917 daAuts
     D:3: 899 daAuts
     D:6: 878 daAuts
     D:5: 794 daAuts
    D:10: 772 daAuts
     D:7: 749 daAuts
     D:2: 663 daAuts
    D:11: 456 daAuts
   Orc:1: 418 daAuts
   IceCv: 392 daAuts
  Temple: 302 daAuts
  Lair:1: 47 daAuts
